 Dungeon Crawl Stone Soup version 0.30.1-4-g462c640d31 (webtiles) character file.

Game seed: 11383075205484213273

151 safid the Chiller (level 5, -1/40 HPs)
             Began as a Merfolk Ice Elementalist on Aug 21, 2023.
             Slain by an adder (2 damage)
             ... on level 3 of the Dungeon.
             The game lasted 00:02:37 (2246 turns).

safid the Chiller (Merfolk Ice Elementalist)        Turns: 2246, Time: 00:02:37

Health: -1/40      AC:  4    Str:  9    XL:     5   Next: 33%
Magic:  8/9        EV: 12    Int: 16    God:
Gold:   102        SH:  0    Dex: 14    Spells: 3/10 levels left

rFire   . . .        g - +0 short sword (flame)
rCold   . . .        (no shield)
rNeg    . . .        a - +0 robe
rPois   .            m - +0 helmet
rElec   .            (no cloak)
rCorr   .            (no gloves)
SInv    .            c - +0 pair of boots
Will    .....        i - amulet of magic regeneration
Stlth   ++           (no ring)
HPRegen 0.26/turn    (no ring)
MPRegen 0.51/turn

%: no passive effects
@: freezing walls
A: (nimble swimmer 2), mertail
a: no special abilities


You were on level 3 of the Dungeon.
You visited 1 branch of the dungeon, and saw 3 of its levels.

You collected 102 gold pieces.

Inventory:

Hand Weapons
 g - a +0 short sword of flaming (weapon)
Armour
 a - a +0 robe (worn)
 c - a +0 pair of boots (worn)
 m - a +0 helmet (worn)
Jewellery
 i - an amulet of magic regeneration (around neck)
Wands
 k - a wand of flame (11)
Scrolls
 d - 5 scrolls of identify {unknown}
 f - a scroll of teleportation {unknown}
 h - a scroll of enchant armour {unknown}
 j - a scroll of enchant weapon {unknown}
Potions
 b - 2 potions of magic
 e - a potion of haste {unknown}
 l - a potion of berserk rage {unknown}


   Skills:
 + Level 2.8 Fighting
 - Level 2.6 Dodging
 - Level 2.1 Stealth
 + Level 3.3 Spellcasting
 + Level 5.4 Ice Magic


You had 3 spell levels left.
You knew the following spells:

 Your Spells              Type           Power      Damage    Failure   Level
a - Freeze                Ice            80%        1d9       1%          1
b - Frozen Ramparts       Ice            40%        1d7       6%          3
c - Ozocubu's Armour      Ice            20%        N/A       6%          3

Your spell library contained the following spells:

 Spells                   Type           Power      Damage    Failure   Level
 Summon Ice Beast         Ice/Summ       11%        N/A       52%         4


Dungeon Overview and Level Annotations

Branches:
Dungeon (3/15)

Altars:
Cheibriados


Innate Abilities, Weirdness & Mutations

((You are very nimble when in or above water. (Stealth+, EV+, Speed+++)))
Your lower body shifts to a powerful aquatic tail in water.


Message History

Unknown command.
You hit the orc. You burn the orc.
You kill the orc!
The adder bites the fungus.
The fungus begins to die.
The adder bites the fungus.
The wall freezes the orc but does no damage.
The orc barely misses you.
Unknown command.
You hit the orc priest. You burn the orc priest.
The orc priest is moderately wounded.
The wall freezes the orc.
You kill the orc!
The orc priest invokes the aid of Beogh against you.
Pain shoots through your body!
* * * LOW HITPOINT WARNING * * *
Unknown command.
You barely miss the orc priest.
The orc priest is moderately wounded.
The orc priest hits you with a +0 whip.
* * * LOW HITPOINT WARNING * * *
Casting: Frozen Ramparts (dangerous; 6% risk of failure)
Confirm with . or Enter, or press ? or * to list all spells.
Aiming: Freeze (safe; 1% risk of failure)
Press: ? - help, Shift-Dir - straight line, f - orc priest
Aim: an orc priest, wielding a +0 whip (moderately wounded)
You freeze the orc priest.
The orc priest is heavily wounded.
The endoplasm hits the fungus.
The fungus begins to die.
The orc priest hits you with a +0 whip.
* * * LOW HITPOINT WARNING * * *
Casting: Freeze (safe; 1% risk of failure)
Confirm with . or Enter, or press ? or * to list all spells.
Aiming: Freeze (safe; 1% risk of failure)
Press: ? - help, Shift-Dir - straight line, f/p - orc priest
Aim: an orc priest, wielding a +0 whip (heavily wounded)
You freeze the orc priest!
You kill the orc priest!
The wall freezes the adder but does no damage.
The adder bites you.
You die...

.# . . #.# .. #.
#.# ...#.#### #..
........# #.#
.P......# #.#
.P..PP)S# #.#
.P..PP.@####.#
PP.JPP..>....######
....PP.......†....#
....PP...########.#


PPPPPP...# ##.#####. PPP.PP...# #........ ........!. #..#####. ..........
#..#####. ####..... #........ You could see an adder and an endoplasm.

Vanquished Creatures
  An orc priest (D:3)
  Ijyb (D:3)
  Robin (D:3)
  3 gnolls (D:2)
  3 adders
  A worm (D:2)
  3 dart slugs (D:1)
  4 orcs (D:3)
  2 endoplasms
  4 giant cockroaches
  3 goblins
  4 hobgoblins
  3 jackals (D:2)
  A quokka (D:1)
  4 ball pythons
  3 bats
  6 kobolds
  4 rats
51 creatures vanquished.

Notes
Turn   | Place    | Note
-------+----------+-------------------------------------------
     0 | D:1      | safid the Merfolk Ice Elementalist began the quest for the
                  | Orb.
     0 | D:1      | Reached XP level 1. HP: 13/13 MP: 3/3
   156 | D:1      | Reached XP level 2. HP: 20/20 MP: 1/5
   423 | D:1      | Reached skill level 1 in Fighting
   585 | D:1      | Found a faded altar of an unknown god.
   721 | D:1      | Reached XP level 3. HP: 26/26 MP: 4/6
   904 | D:1      | Learned a level 3 spell: Frozen Ramparts
  1194 | D:2      | Reached skill level 5 in Ice Magic
  1194 | D:2      | Reached XP level 4. HP: 22/33 MP: 4/8
  1312 | D:2      | Learned a level 3 spell: Ozocubu's Armour
  1751 | D:3      | Found a snail-covered altar of Cheibriados.
  1775 | D:3      | Noticed Ijyb
  1776 | D:3      | Noticed Robin
  1791 | D:3      | Killed Ijyb
  1791 | D:3      | Killed Robin
  1792 | D:3      | Reached XP level 5. HP: 16/39 MP: 4/9
  2244 | D:3      | HP: 1/40 [orc priest/+0 whip (3)]
  2246 | D:3      | Slain by an adder

Illustrated notes

Levels and vault maps discovered:
D:1:      lightli_arrival_statuegarden, layout_loops_ring,
          dreamdust_ecumenical_altar_statues
D:2:      layout_loops_ring, nrook_uturn, grunt_decor_junction
D:3:      layout_basic, lemuel_tele_altar, mainiacjoe_overflow_chevrons,
          overflow_temple_1_default, nicolae_goblin_pals

Skill      XL: |  1  2  3  4 |
---------------+-------------+-----
Fighting       | 1 2 |  2.8
Ice Magic      | 5 |  5.4
Spellcasting   | 3 |  3.3
Dodging        | |  2.6
Stealth        | |  2.1

Action                     |  1- 3 |  4- 6 || total
---------------------------+-------+-------++-------
  Melee: Unarmed           |     8 |       ||     8
         Short sword       |    59 |    50 ||   109
         Punch             |     1 |     1 ||     2
   Cast: Freeze            |    22 |     3 ||    25
         Frozen Ramparts   |     2 |     4 ||     6
         Ozocubu's Armour  |       |     1 ||     1
   Stab: Sleeping          |     6 |     1 ||     7
 Armour: Robe              |    29 |    11 ||    40
  Dodge: Dodged            |    51 |    29 ||    80
